[ PARTIDA AOE2 · #513838485 ]
UnrankedBúlgaros vs Koreans
Equipo del jugador · DERR
Equipo rival · VICT
[ ANÁLISIS DE REPETICIÓN · EXTRAÍDO DE LA PARTIDA GRABADA ]
Feudal
9:05
Castillos
28:48
Imperial
—
| APM promedio | 22.7 |
| APM pico | 46 |
| eAPM promedio | 16.4 |
| Aldeanos / militares | 46 / 57 |
Foco
⚔️ 41.1% · 🌾 58.9%
Militia ×53 · Skirmisher ×3 · Spearman ×1
Feudal
9:05
Castillos
29:07
Imperial
—
| APM promedio | 47.8 |
| APM pico | 90 |
| eAPM promedio | 16.6 |
| Aldeanos / militares | 61 / 41 |
Foco
⚔️ 34.2% · 🌾 65.8%
Archer ×23 · Militia ×15 · Skirmisher ×2 · War Wagon ×1
Mapa de la partida
Recursos iniciales + cada clic de construcción. Líneas = muros · curvas = relieve. ◆ oro · ⬟ piedra · ● bayas · ✦ reliquia · ◌ hueco del cierre
Tu base· Abierta — hueco de 4t
Base de leahau· Abierta — flanco sin cerrar
Terreno inicial suavizado · ◌ = hueco del cierre detectado · pasá el cursor para detalles
Inputs por minuto
— Ares - - leahau
Build order — Ares
Primeras 150 de 183 acciones detectadas
| 0:00 | queue | Villager (Male) |
| 0:01 | queue | Villager (Male) |
| 0:01 | queue | Villager (Male) |
| 0:02 | Construir | House |
| 0:04 | Construir | House |
| 0:07 | Investigar | Loom |
| 0:07 | queue | Villager (Male) |
| 0:07 | queue | Villager (Male) |
| 1:40 | queue | Villager (Male) |
| 2:36 | queue | Villager (Male) |
| 2:36 | queue | Villager (Male) |
| 2:38 | queue | Villager (Male) |
| 3:06 | Construir | Lumber Camp |
| 3:09 | Construir | House |
| 3:11 | Construir | House |
| 3:59 | queue | Villager (Male) |
| 3:59 | queue | Villager (Male) |
| 3:59 | queue | Villager (Male) |
| 4:00 | queue | Villager (Male) |
| 4:45 | queue | Villager (Male) |
| 4:45 | queue | Villager (Male) |
| 6:07 | Construir | Mill |
| 6:23 | queue | Villager (Male) |
| 6:55 | Investigar | Feudal Age |
| 7:27 | queue | Villager (Male) |
| 7:48 | Construir | Mining Camp |
| 8:16 | queue | Villager (Male) |
| 8:16 | queue | Villager (Male) |
| 8:17 | queue | Villager (Male) |
| 8:59 | Construir | House |
| 9:00 | Construir | Palisade Wall |
| 9:04 | Construir | House |
| 9:05 | Edad | Edad Feudal |
| 9:17 | Construir | House |
| 9:18 | Construir | Palisade Wall |
| 9:30 | Investigar | Double-Bit Axe |
| 10:07 | Construir | Barracks |
| 10:46 | Construir | Farm |
| 11:00 | queue | Militia |
| 11:01 | queue | Militia |
| 11:01 | queue | Militia |
| 11:03 | queue | Villager (Male) |
| 11:20 | queue | Militia |
| 11:27 | Construir | Blacksmith |
| 11:31 | Construir | Palisade Wall |
| 11:33 | Construir | Palisade Wall |
| 11:34 | Construir | Palisade Gate |
| 11:42 | Construir | Farm |
| 11:48 | Construir | Farm |
| 12:00 | Construir | Lumber Camp |
| 12:03 | queue | Villager (Male) |
| 12:04 | queue | Villager (Male) |
| 12:06 | queue | Militia |
| 12:17 | queue | Spearman |
| 12:18 | queue | Villager (Male) |
| 12:30 | Construir | Farm |
| 12:33 | queue | Militia |
| 12:49 | Construir | Farm |
| 12:57 | Construir | Farm |
| 12:59 | Construir | Farm |
| 13:23 | Construir | Farm |
| 13:26 | Construir | Farm |
| 13:33 | Investigar | Arson |
| 13:45 | Construir | Farm |
| 13:49 | queue | Villager (Male) |
| 14:34 | queue | Villager (Male) |
| 15:57 | Construir | Mill |
| 16:27 | queue | Villager (Male) |
| 16:30 | Construir | Farm |
| 16:32 | queue | Villager (Male) |
| 16:49 | Construir | Farm |
| 16:52 | queue | Villager (Male) |
| 17:06 | Construir | Watch Tower |
| 17:11 | queue | Villager (Male) |
| 17:14 | queue | Militia |
| 17:26 | Construir | Farm |
| 17:28 | Construir | Mill |
| 17:30 | Construir | Farm |
| 17:39 | queue | Villager (Male) |
| 17:56 | Construir | Farm |
| 17:59 | Construir | Farm |
| 18:07 | Construir | Farm |
| 18:14 | Construir | Farm |
| 18:21 | queue | Militia |
| 18:21 | queue | Militia |
| 18:23 | Investigar | Scale Mail Armor |
| 18:57 | Construir | Barracks |
| 19:30 | queue | Militia |
| 19:30 | queue | Militia |
| 19:31 | queue | Militia |
| 19:45 | Investigar | Forging |
| 19:46 | queue | Militia |
| 19:51 | Construir | Archery Range |
| 19:55 | queue | Militia |
| 19:58 | Construir | House |
| 20:02 | Construir | House |
| 20:04 | queue | Militia |
| 20:05 | queue | Militia |
| 20:26 | queue | Skirmisher |
| 20:26 | queue | Skirmisher |
| 20:27 | queue | Militia |
| 20:40 | Construir | Farm |
| 20:53 | queue | Militia |
| 20:57 | queue | Skirmisher |
| 21:32 | queue | Militia |
| 22:14 | queue | Villager (Male) |
| 22:15 | queue | Villager (Male) |
| 22:28 | queue | Villager (Male) |
| 22:28 | queue | Villager (Male) |
| 23:03 | Construir | Barracks |
| 23:29 | queue | Villager (Male) |
| 23:56 | Construir | House |
| 23:59 | Construir | Palisade Wall |
| 24:02 | queue | Militia |
| 24:05 | Construir | House |
| 24:13 | Construir | House |
| 24:18 | Construir | House |
| 24:24 | queue | Militia |
| 24:24 | queue | Militia |
| 24:24 | queue | Militia |
| 25:19 | Construir | House |
| 25:31 | Construir | Blacksmith |
| 25:37 | queue | Villager (Male) |
| 25:46 | Construir | Farm |
| 25:56 | Construir | Barracks |
| 25:57 | Construir | Barracks |
| 26:08 | Investigar | Fletching |
| 26:09 | Investigar | Forging |
| 26:11 | Investigar | Castle Age |
| 26:12 | queue | Militia |
| 26:13 | queue | Militia |
| 26:13 | queue | Militia |
| 26:13 | queue | Militia |
| 26:21 | queue | Militia |
| 26:38 | queue | Militia |
| 26:39 | queue | Militia |
| 26:42 | queue | Villager (Male) |
| 26:45 | Construir | Farm |
| 26:50 | Construir | Farm |
| 26:52 | Construir | Farm |
| 26:53 | Construir | Farm |
| 27:02 | Construir | Mill |
| 27:07 | queue | Militia |
| 27:07 | queue | Militia |
| 27:10 | queue | Villager (Male) |
| 27:19 | Construir | Farm |
| 27:36 | Construir | House |
| 27:44 | queue | Militia |
| 27:45 | queue | Militia |
| 27:45 | queue | Militia |
Build order — leahau
Primeras 150 de 179 acciones detectadas
| 0:01 | queue | Villager (Male) |
| 0:01 | queue | Villager (Male) |
| 0:02 | queue | Villager (Male) |
| 0:02 | Construir | House |
| 0:04 | Construir | House |
| 0:08 | queue | Villager (Male) |
| 1:30 | queue | Villager (Male) |
| 1:56 | Construir | Lumber Camp |
| 2:00 | queue | Villager (Male) |
| 2:32 | queue | Villager (Male) |
| 2:56 | queue | Villager (Male) |
| 2:56 | queue | Villager (Male) |
| 3:09 | queue | Villager (Male) |
| 3:45 | queue | Villager (Male) |
| 3:45 | queue | Villager (Male) |
| 3:53 | Construir | House |
| 4:44 | queue | Villager (Male) |
| 4:44 | queue | Villager (Male) |
| 4:45 | queue | Villager (Male) |
| 5:00 | queue | Villager (Male) |
| 5:00 | queue | Villager (Male) |
| 5:20 | Construir | Mill |
| 5:42 | Investigar | Loom |
| 6:15 | queue | Villager (Male) |
| 6:55 | Investigar | Feudal Age |
| 7:12 | Construir | Mining Camp |
| 7:27 | Construir | House |
| 8:20 | Construir | Mining Camp |
| 8:38 | queue | Villager (Male) |
| 8:38 | queue | Villager (Male) |
| 8:58 | queue | Villager (Male) |
| 8:58 | queue | Villager (Male) |
| 9:05 | Edad | Edad Feudal |
| 9:17 | Construir | Watch Tower |
| 9:20 | queue | Villager (Male) |
| 9:31 | Investigar | Double-Bit Axe |
| 9:52 | Construir | Barracks |
| 10:03 | Construir | House |
| 10:14 | Construir | Palisade Wall |
| 10:29 | Construir | Palisade Wall |
| 10:31 | Construir | Palisade Wall |
| 10:47 | Construir | Watch Tower |
| 10:58 | queue | Militia |
| 10:58 | queue | Militia |
| 10:59 | queue | Militia |
| 10:59 | queue | Militia |
| 11:06 | Construir | Archery Range |
| 11:18 | queue | Villager (Male) |
| 11:24 | Construir | Farm |
| 11:49 | queue | Villager (Male) |
| 11:53 | Construir | Farm |
| 12:00 | Construir | Farm |
| 12:07 | Construir | Watch Tower |
| 12:27 | Construir | Farm |
| 12:34 | queue | Villager (Male) |
| 12:39 | Construir | House |
| 13:06 | queue | Villager (Male) |
| 13:09 | Construir | Farm |
| 13:14 | Construir | Farm |
| 13:17 | Construir | Farm |
| 13:38 | Construir | Farm |
| 13:40 | queue | Villager (Male) |
| 13:44 | Construir | House |
| 14:11 | Construir | House |
| 14:13 | Construir | Palisade Wall |
| 14:35 | Investigar | Man-at-Arms (upgrade) |
| 15:03 | queue | Militia |
| 15:03 | queue | Militia |
| 15:03 | queue | Militia |
| 15:04 | queue | Militia |
| 15:04 | queue | Militia |
| 15:35 | Construir | Watch Tower |
| 15:40 | queue | Militia |
| 15:40 | queue | Militia |
| 15:54 | queue | Archer |
| 16:00 | queue | Villager (Male) |
| 16:00 | queue | Villager (Male) |
| 16:02 | Construir | Farm |
| 16:06 | Construir | Farm |
| 16:44 | queue | Archer |
| 16:47 | Investigar | Horse Collar |
| 16:49 | queue | Villager (Male) |
| 16:53 | Construir | Blacksmith |
| 16:55 | Construir | Market |
| 17:08 | Investigar | Arson |
| 17:34 | queue | Villager (Male) |
| 17:35 | queue | Villager (Male) |
| 17:35 | queue | Villager (Male) |
| 17:35 | queue | Villager (Male) |
| 17:52 | queue | Villager (Male) |
| 18:07 | queue | Militia |
| 18:08 | queue | Militia |
| 18:19 | queue | Villager (Male) |
| 18:24 | Construir | Mining Camp |
| 19:04 | Construir | House |
| 19:07 | queue | Villager (Male) |
| 19:10 | Construir | Farm |
| 19:18 | queue | Villager (Male) |
| 19:19 | queue | Villager (Male) |
| 19:24 | queue | Archer |
| 19:41 | Investigar | Fletching |
| 19:42 | Investigar | Forging |
| 19:54 | queue | Militia |
| 20:07 | Construir | Watch Tower |
| 20:09 | Construir | Mining Camp |
| 20:21 | queue | Archer |
| 20:34 | Investigar | Scale Mail Armor |
| 20:46 | queue | Villager (Male) |
| 20:46 | queue | Villager (Male) |
| 20:57 | Construir | Watch Tower |
| 21:01 | queue | Villager (Male) |
| 21:02 | queue | Villager (Male) |
| 21:56 | queue | Villager (Male) |
| 21:56 | queue | Villager (Male) |
| 21:57 | queue | Villager (Male) |
| 22:00 | queue | Archer |
| 22:00 | queue | Archer |
| 22:29 | queue | Skirmisher |
| 22:29 | queue | Skirmisher |
| 22:31 | Construir | House |
| 22:32 | Construir | House |
| 22:33 | Construir | House |
| 22:33 | Construir | House |
| 22:38 | Construir | House |
| 22:40 | queue | Villager (Male) |
| 22:40 | queue | Villager (Male) |
| 22:47 | Construir | Mining Camp |
| 22:50 | queue | Villager (Male) |
| 23:02 | queue | Archer |
| 23:02 | queue | Archer |
| 23:08 | Construir | Watch Tower |
| 23:22 | queue | Villager (Male) |
| 24:36 | Construir | Watch Tower |
| 24:40 | Construir | House |
| 25:02 | queue | Villager (Male) |
| 25:02 | queue | Villager (Male) |
| 25:03 | queue | Villager (Male) |
| 25:22 | Construir | House |
| 25:23 | queue | Villager (Male) |
| 25:26 | Construir | Farm |
| 25:28 | Construir | Farm |
| 25:28 | Construir | Farm |
| 25:28 | Construir | Farm |
| 26:19 | Construir | Watch Tower |
| 26:23 | Construir | Farm |
| 26:25 | Construir | Farm |
| 26:27 | Investigar | Castle Age |
| 27:10 | Construir | Mining Camp |
| 27:49 | queue | Archer |
| 27:50 | queue | Archer |
Cronología de la partida
| 9:00 | Ares · wall_segment Palisade Wall x1 |
| 9:05 | Ares · age_up feudal |
| 9:05 | leahau · age_up feudal |
| 9:18 | Ares · wall_segment Palisade Wall x1 |
| 9:52 | leahau · first_building Barracks |
| 10:07 | Ares · first_building Barracks |
| 10:14 | leahau · wall_segment Palisade Wall x1 |
| 10:29 | leahau · wall_segment Palisade Wall x1 |
| 10:31 | leahau · wall_segment Palisade Wall x1 |
| 11:06 | leahau · first_building Archery Range |
| 11:31 | Ares · wall_segment Palisade Wall x4 |
| 11:33 | Ares · wall_segment Palisade Wall x1 |
| 14:13 | leahau · wall_segment Palisade Wall x1 |
| 19:51 | Ares · first_building Archery Range |
| 23:59 | Ares · wall_segment Palisade Wall x1 |
| 25:32 | leahau · first_market_buy 100 food |
| 26:39 | leahau · first_market_sell 100 wood |
| 28:48 | Ares · age_up castle |
| 29:07 | leahau · age_up castle |
| 29:32 | leahau · first_building Castle |
| 32:16 | leahau · first_building Siege Workshop |
| 34:09 | Ares · first_market_sell 100 food |
| 34:10 | Ares · first_market_buy 100 stone |
| 35:54 | Ares · resign |
[ ANÁLISIS IA · 1 CRÉDITO ]
¿Qué pasó realmente en esta partida?
Wolo.gg analiza cada decisión: build order, eco, micro, errores típicos por bracket. Análisis personalizado por WhatsApp o Discord en 30 segundos.
Guía civ
Búlgaros
Perfil
Jugador #17992396